 Dungeon Crawl Stone Soup version 0.30.1-11-g7821555f0a (webtiles) character file.

Game seed: 13996140110829618411

157 Cheops the Slasher (level 5, -8/38 HPs)
             Began as a Demonspawn Gladiator on Nov 29, 2023.
             Killed from afar by Ijyb (10 damage)
             ... with a bolt of dispelling energy
             ... on level 4 of the Dungeon.
             The game lasted 00:06:16 (2701 turns).

Cheops the Slasher (Demonspawn Gladiator)           Turns: 2701, Time: 00:06:16

Health: -8/38      AC:  9    Str: 14    XL:     5   Next: 15%
Magic:  5/5        EV: 11    Int:  9    God:
Gold:   209        SH:  4    Dex: 17    Spells: 4/4 levels left

rFire   . . .        a - +0 long sword
rCold   . . .        (no shield)
rNeg    . . .        s - +0 ring mail
rPois   .            c - +0 helmet
rElec   .            h - +0 cloak
rCorr   .            (no gloves)
SInv    .            (no boots)
Will    .....        g - amulet of magic regeneration
Stlth   +            (no ring)
HPRegen 0.26/turn    (no ring)
MPRegen 0.49/turn

%: no passive effects
@: no status effects
A: molten scales 1, condensation shield
a: no special abilities


You were on level 4 of the Dungeon.
You visited 1 branch of the dungeon, and saw 4 of its levels.

You collected 209 gold pieces.

Inventory:

Hand Weapons
 a - a +0 long sword (weapon)
Missiles
 d - 3 throwing nets (quivered)
 e - a javelin
Armour
 b - a +0 leather armour
 c - a +0 helmet (worn)
 h - a +0 cloak (worn)
 s - a +0 ring mail (worn)
Magical Staves
 k - a staff of death
Jewellery
 g - an amulet of magic regeneration (around neck)
Wands
 u - a wand of roots (7)
Scrolls
 f - a scroll of magic mapping
 i - a scroll of enchant armour {unknown}
 n - a scroll of teleportation
 r - 2 scrolls of immolation
Potions
 l - a potion of berserk rage {unknown}
 m - 2 potions of curing {unknown}
 o - a potion of might {unknown}
 p - a potion of lignification
 t - a potion of ambrosia


   Skills:
 - Level 2.0 Fighting
 + Level 5.4 Long Blades
 - Level 1.7 Throwing
 - Level 2.6 Dodging


You had 4 spell levels left.
You didn't know any spells.
Your spell library contained the following spells:

 Spells                   Type           Power      Damage    Failure   Level
 Freeze                   Ice            0%         1d3       63%         1
 Kiss of Death            Conj/Necr      0%         2d5       63%         1
 Magic Dart               Conj           0%         1d3       63%         1
 Ensorcelled Hibernation  Hex/Ice        0%         N/A       77%         2
 Searing Ray              Conj           0%         2d4       77%         2
 Confusing Touch          Hex            0%         N/A       94%         3
 Frozen Ramparts          Ice            0%         1d1       94%         3
 Hailstorm                Conj/Ice       0%         3d3       94%         3
 Spider Form              Tmut/Pois      0%         N/A       94%         3
 Anguish                  Hex/Necr       0%         N/A       100%        4
 Dispel Undead            Necr           0%         3d6       100%        4
 Fulminant Prism          Conj/Hex       0%         3d5       100%        4


Dungeon Overview and Level Annotations

Branches:
Dungeon (4/15)
 Temple: D:4-7

Altars:

Annotations:
D:4 Ijyb


Innate Abilities, Weirdness & Mutations

You are partially covered in molten scales. (AC +2)
A meltable shield of frost defends you. (SH +4)


Message History

You climb downwards.
There is a stone staircase leading up here.
You climb upwards.
There is a stone staircase leading down here.
There is a stone staircase leading down here.
You climb downwards.
Found 6 gold pieces.
There is a stone staircase leading up here.
You climb upwards.
There is a stone staircase leading down here.
There is a stone staircase leading down here.
You climb downwards.
There is a stone staircase leading up here.
You slash the quokka!
You kill the quokka!
Found a scroll labelled AWKIURCH OSAO.
i - a scroll labelled AWKIURCH OSAO
Found 15 gold pieces.
Ijyb the Twisted Goblin comes into view.
She is wielding a +0 dagger and carrying a wand of quicksilver (13).
Found a scroll labelled WUDIQE ET AZO.
Ijyb shouts!
Ijyb zaps a wand.
The bolt of dispelling energy hits you!
Things that are here:
15 gold pieces; a +0 quarterstaff Ijyb barely misses you.
You hit Ijyb.
Ijyb is moderately wounded.
Ijyb screams, "I cut your head off!" Ijyb hits you but does no damage.
You hit Ijyb.
Ijyb is moderately wounded.
Ijyb hits you with a +0 dagger.
You barely miss Ijyb. You punch Ijyb, but do no damage.
Ijyb is moderately wounded.
Ijyb zaps a wand.
The bolt of dispelling energy hits you!!
Ouch! That really hurt!
* * * LOW HITPOINT WARNING * * *
Ijyb zaps a wand.
The bolt of dispelling energy hits you!
You die...

#.# #......
#.## #...... #
#..# #...###
.###..###...#
......##....##
#........###.##
#.......##
##.## #
..#######
##.###.## .##
##$@g..# ##
#...##....
#..## # ...#
##.## #?# ...
.# #.. .#


You could see Ijyb.

Vanquished Creatures
  Jessica (D:2)
  An orc wizard (D:3)
  4 adders (D:2)
  5 dart slugs
  4 orcs (D:3)
  3 ball pythons
  4 bats
  6 endoplasms
  3 giant cockroaches
  3 goblins
  5 hobgoblins
  7 kobolds
  5 quokkas
  3 frilled lizards
  2 rats (D:2)
56 creatures vanquished.

Notes
Turn   | Place    | Note
-------+----------+-------------------------------------------
     0 | D:1      | Cheops the Demonspawn Gladiator began the quest for the
                  | Orb.
     0 | D:1      | Reached XP level 1. HP: 16/16 MP: 1/1
    84 | D:1      | Reached skill level 3 in Long Blades
   159 | D:1      | Gained mutation: You are partially covered in molten
                  | scales. (AC +2) [demonic ancestry]
   159 | D:1      | Reached XP level 2. HP: 15/22 MP: 2/2
   668 | D:1      | Reached XP level 3. HP: 25/27 MP: 3/3
   900 | D:2      | Reached skill level 4 in Long Blades
  1359 | D:2      | Reached XP level 4. HP: 27/33 MP: 4/4
  1661 | D:2      | Noticed Jessica
  1672 | D:2      | Killed Jessica
  1848 | D:2      | Reached skill level 5 in Long Blades
  2101 | D:3      | Gained mutation: A meltable shield of frost defends you.
                  | (SH +4) [demonic ancestry]
  2101 | D:3      | Reached XP level 5. HP: 27/38 MP: 5/5
  2696 | D:4      | Noticed Ijyb
  2701 | D:4      | Killed from afar by Ijyb

Illustrated notes

Levels and vault maps discovered:
D:1:      minmay_arrival_four_loops, layout_basic, serial_curves,
          eino_curves_04, eino_curves_03, eino_curves_03
D:2:      layout_basic, nrook_uturn, dreamdust_wishing_well,
          hangedman_decor_clover_reticule, uniq_jessica
D:3:      layout_rooms, kennysheep_cross_bottleneck,
          dreamdust_princess_corridor, serial_bayou_crossing
D:4:      layout_layer_cave, uniq_duvessa, uniq_ijyb, uniq_crazy_yiuf_cottage,
          uniq_eustachio

Skill      XL: |  1  2  3  4 |
---------------+-------------+-----
Long Blades    | 3 4 5 |  5.4
Fighting       | |  2.0
Throwing       | |  1.7
Dodging        | |  2.6

Action                     |  1- 3 |  4- 6 || total
---------------------------+-------+-------++-------
  Melee: Long sword        |   110 |    66 ||   176
         Punch             |       |     1 ||     1
    Use: Scroll            |       |     7 ||     7
   Stab: Sleeping          |     2 |       ||     2
 Armour: Leather armour    |    46 |     7 ||    53
         Ring mail         |       |    24 ||    24
  Dodge: Dodged            |    73 |    23 ||    96
  Block: Other             |       |     1 ||     1
